 Dungeon Crawl Stone Soup version 0.29-a0-330-g52719c12eb (webtiles) character file.

Game seed: 889360619608489702

3025 HoaS the Quickloader (level 9, -2/56 HPs)
             Began as a Gargoyle Hunter on May 17, 2022.
             Was a Priest of Zin.
             Slain by Gastronok (4 damage)
             ... on level 8 of the Dungeon.
             The game lasted 00:20:43 (5844 turns).

HoaS the Quickloader (Gargoyle Hunter)              Turns: 5844, Time: 00:20:44

Health: -2/56      AC: 16    Str: 17    XL:     9   Next: 85%
Magic:  12/12      EV: 11    Int: 10    God:    Zin [***...]
Gold:   353        SH:  0    Dex: 15    Spells: 8/8 levels left

rFire   + + .      SeeInvis +   a - +2 hand crossbow
rCold   . . .      Faith    .   (no shield)
rNeg    + . .      Spirit   .   w - +0 scale mail {rF+}
rPois   ∞          Reflect  .   (no helmet)
rElec   +          Harm     .   (no cloak)
rCorr   .          Rampage  .   d - +2 pair of gloves
Will    .....                   (no boots)
Stlth   ..........              p - amulet of regeneration
HPRegen 0.98/turn               n - ring of protection from fire
MPRegen 0.13/turn               q - ring of see invisible

@: hasted and slowed
A: sickness immunity, AC +6, negative energy resistance 1, electricity
resistance, torment resistance 1, petrification resistance
a: Renounce Religion, Recite, Vitalisation, Imprison, Donate Gold


You were on level 8 of the Dungeon.
You worshipped Zin.
Zin was most pleased with you.
You visited 1 branch of the dungeon, and saw 8 of its levels.

You collected 392 gold pieces.
You donated 39 gold pieces to Zin.

Inventory:

Hand Weapons
 a - a +2 hand crossbow (weapon)
Armour
 d - a +2 pair of gloves (worn)
 w - a +0 scale mail of fire resistance (worn)
Jewellery
 n - a ring of protection from fire (left hand)
 p - an amulet of regeneration (around neck)
 q - a ring of see invisible (right hand)
 v - a ring of ice
Wands
 f - a wand of flame (16)
Scrolls
 c - 3 scrolls of immolation
 m - 7 scrolls of teleportation
 o - 2 scrolls of amnesia
 r - a scroll of enchant weapon
 s - a scroll of fog
Potions
 b - a potion of invisibility {unknown}
 e - 4 potions of cancellation {unknown}
 g - a potion of berserk rage {unknown}
 h - a potion of degeneration {unknown}
 i - a potion of curing
 j - 4 potions of mutation
 k - 3 potions of resistance {unknown}
 l - a potion of haste
 t - a potion of attraction {unknown}
 u - a potion of flight {unknown}


   Skills:
 * Level 6.9 Fighting
 - Level 10.0 Crossbows
 + Level 4.8 Armour
 + Level 3.8 Dodging
 - Level 1.1 Stealth
 + Level 4.8 Invocations


You had 8 spell levels left.
You didn't know any spells.
Your spell library contained the following spells:

 Spells                   Type           Power      Damage    Failure   Level
 Foxfire                  Conj/Fire      0%         2x1d4     75%         1
 Magic Dart               Conj           0%         1d3       75%         1
 Call Imp                 Summ           0%         N/A       87%         2
 Conjure Flame            Conj/Fire      0%         6-21      98%         3
 Gell's Gravitas          Tloc           0%         N/A       98%         3
 Inner Flame              Hex/Fire       0%         N/A       98%         3
 Lesser Beckoning         Tloc           0%         N/A       98%         3
 Mephitic Cloud           Conj/Pois/Air  0%         N/A       98%         3
 Teleport Other           Tloc           0%         N/A       98%         3
 Tukima's Dance           Hex            0%         N/A       98%         3
 Anguish                  Hex/Necr       0%         N/A       100%        4
 Flame Wave               Conj/Fire      0%         2d4       100%        4
 Enfeeble                 Hex            0%         N/A       100%        7


Dungeon Overview and Level Annotations

Branches:
Dungeon (8/15)             Temple (0/1) D:7
   Lair: D:8-11

Altars:
Cheibriados
Yredelemnul
Zin

Shops:
D:3 =:=?   D:4 (   D:8 !

Portals:
Abyss: D:4

Annotations:
D:4 2 transporters, kraktruk's ghost, amateur HOAK
D:8 Gastronok


Innate Abilities, Weirdness & Mutations

You are immune to sickness and miasma.
Your stone body is resilient. (AC +6)
You are immune to poison.
You resist negative energy. (rN+)
You are resistant to electric shocks. (rElec)
You are resistant to unholy torment.
You are immune to petrification.


Message History

Press: ? - help, Q - select action, (/) - cycle Shift-Dir - straight line, f/p - Gastronok
Aim: Gastronok, wearing a +0 hat of see invisible (moderately wounded, 94% to hit)
You shoot a bolt. The bolt hits Gastronok.
Gastronok is moderately wounded.
The bat hits you but does no damage. Gastronok barely misses you.
Shoot: a) +2 hand crossbow
Press: ? - help, Q - select action, (/) - cycle Shift-Dir - straight line, f/p - Gastronok
Aim: Gastronok, wearing a +0 hat of see invisible (moderately wounded, 94% to hit)
You shoot a bolt.
The bolt hits Gastronok but does no damage.
Gastronok is moderately wounded.
The bat barely misses you.
Shoot: a) +2 hand crossbow
Press: ? - help, Q - select action, (/) - cycle Shift-Dir - straight line, f/p - Gastronok
Aim: Gastronok, wearing a +0 hat of see invisible (moderately wounded, 94% to hit)
You shoot a bolt. The bolt hits Gastronok!
Gastronok is heavily wounded.
Gastronok looks at you and mumbles some strange words.
You feel as though you will be slow longer.
Shoot: a) +2 hand crossbow
Press: ? - help, Q - select action, (/) - cycle Shift-Dir - straight line, f/p - Gastronok
Aim: Gastronok, wearing a +0 hat of see invisible (heavily wounded, 94% to hit)
You shoot a bolt. The bolt hits Gastronok!
Gastronok is heavily wounded.
Shoot: a) +2 hand crossbow
Press: ? - help, Q - select action, (/) - cycle Shift-Dir - straight line, f/p - Gastronok
Aim: Gastronok, wearing a +0 hat of see invisible (heavily wounded, 94% to hit)
You shoot a bolt. The bolt hits Gastronok.
Gastronok is heavily wounded.
The bat hits you but does no damage.
Gastronok waves his eye-stalks in wide circles.
The air twists around and strikes you!!
* * * LOW HITPOINT WARNING * * *
Shoot: a) +2 hand crossbow
Press: ? - help, Q - select action, (/) - cycle Shift-Dir - straight line, f/p - Gastronok
Aim: Gastronok, wearing a +0 hat of see invisible (heavily wounded, 94% to hit)
You shoot a bolt. The bolt hits Gastronok.
Gastronok is heavily wounded.
The bat misses you. Gastronok bites you.
You die...

#.# #.# #.. #.####.### #..
###########.##.....#######..
............................
............................
#........#######.###.#######
.........# .....# #.#######
.........###.##### #........
........##b@...# #########
....###)##.#w#.## . ....
#..........? # ###
####..≈≈≈≈≈≈ ##.≈......
.≈.≈≈≈≈≈ .≈.≈.... .≈.≈.≈≈≈
.≈.≈.≈∩


You could see Gastronok and a bat (summoned).

Vanquished Creatures
  Grinder (D:5)
  A yak (D:7)
  2 water moccasins (D:7)
  An ice beast (D:7)
  3 black bears
  2 sky beasts
  An ogre (D:7)
  A kobold brigand (D:6)
  7 bullfrogs
  3 necrophages
  3 scorpions
  3 wights (D:7)
  A killer bee (D:7)
  3 electric eels
  A jelly (D:6)
  A gnoll shaman (D:7)
  4 orc priests
  5 iguanas
  5 orc wizards
  6 gnolls
  3 adders
  A shadow imp (D:7)
  3 white imps
  2 ufetubi
  2 worms
  2 dart slugs
  9 orcs
  6 ball pythons
  5 endoplasms
  3 giant cockroaches
  7 goblins
  9 hobgoblins
  4 jackals (D:4)
  16 kobolds
  4 quokkas
  6 bats
  5 frilled lizards
  4 rats
145 creatures vanquished.

Notes
Turn   | Place    | Note
-------+----------+-------------------------------------------
     0 | D:1      | HoaS the Gargoyle Hunter began the quest for the Orb.
     0 | D:1      | Reached XP level 1. HP: 12/12 MP: 1/1
   143 | D:1      | Reached XP level 2. HP: 17/17 MP: 2/2
   376 | D:1      | Reached XP level 3. HP: 17/21 MP: 3/3
   400 | D:1      | Reached skill level 5 in Crossbows
   741 | D:2      | Found a faded altar of an unknown god.
   774 | D:2      | Found a glowing silver altar of Zin.
   809 | D:2      | Reached XP level 4. HP: 26/26 MP: 4/4
  1196 | D:3      | Found Esumidgh's Book Emporium.
  1293 | D:2      | Became a worshipper of Zin the Law-Giver
  1293 | D:2      | Reached * piety under Zin
  1346 | D:3      | Found Vauronom's Jewellery Emporium.
  1376 | D:3      | Found Celus's Magic Scroll Shoppe.
  1552 | D:3      | Reached skill level 6 in Crossbows
  1552 | D:3      | Reached XP level 5. HP: 9/30 MP: 5/5
  1678 | D:3      | Noticed a black bear
  1684 | D:3      | Killed a black bear
  1685 | D:3      | Reached skill level 1 in Armour
  1685 | D:3      | Reached skill level 1 in Invocations
  1913 | D:3      | Found Ynot's Jewellery Shoppe.
  1928 | D:3      | Found a snail-covered altar of Cheibriados.
  2080 | D:4      | Reached XP level 6. HP: 30/35 MP: 7/7
  2096 | D:4      | Reached skill level 7 in Crossbows
  2476 | D:4      | Found Uttil's Antique Weapon Shoppe.
  2496 | D:4      | Found a one-way gate to the infinite horrors of the Abyss.
  2496 | D:4      | Noticed kraktruk's ghost (amateur HOAK)
  2510 | D:4      | Found a transporter.
  2520 | D:4      | Found a transporter.
  2528 | D:4      | Noticed a small abomination
  2528 | D:4      | Found the +8 demon trident "Rift" {distort, reach+}
  2557 | D:4      | Identified the amulet "Weylaext" {Reflect +Inv SH+5}
  2688 | D:4      | Noticed a small abomination
  2905 | D:5      | Entered Level 5 of the Dungeon
  2928 | D:5      | Reached XP level 7. HP: 40/40 MP: 8/8
  3023 | D:5      | Reached skill level 8 in Crossbows
  3095 | D:5      | Reached ** piety under Zin
  3364 | D:5      | Reached skill level 9 in Crossbows
  3426 | D:5      | Noticed Grinder
  3428 | D:5      | Paralysed by Grinder for 3 turns
  3435 | D:5      | Paralysed by Grinder for 5 turns
  3445 | D:5      | Killed Grinder
  3446 | D:5      | Reached XP level 8. HP: 38/44 MP: 9/9
  3464 | D:5      | Reached skill level 10 in Crossbows
  3952 | D:6      | Found a basalt altar of Yredelemnul.
  4291 | D:6      | Reached *** piety under Zin
  4614 | D:7      | Reached XP level 9. HP: 52/52 MP: 11/11
  4680 | D:7      | Reached skill level 5 in Fighting
  4839 | D:7      | Found a staircase to the Ecumenical Temple.
  4851 | D:7      | Identified the +4 hand axe of World Downfall {flame, Str+4}
  5814 | D:8      | Found Goak's Distillery.
  5814 | D:8      | Noticed Gastronok
  5843 | D:8      | HP: 1/56 [Gastronok/the air (25)]
  5844 | D:8      | Slain by Gastronok

Illustrated notes

Levels and vault maps discovered:
D:1:      zelgadis_glass_arrival_small, layout_basic, dk_noncrumbling_4
D:2:      layout_rooms, dreamdust_ecumenical_altar_angels_and_demons,
          basic_altar, minmay_misc_feat_cross
D:3:      layout_rooms, lemuel_crystal_altar, serial_shops,
          nicolae_shop_advertising_works [nicolae_subvault_shop_adworks],
          nicolae_shop_temple_entry_statues_fountains, shop,
          nicolae_shop_behind_doors
D:4:      layout_basic, gammafunk_ghost_abyssal_escape, serial_shops,
          nicolae_shop_competitors_out_of_business
D:5:      layout_basic, uniq_grinder
D:6:      layout_loops_cross, mainiacjoe_overflow_alcove_1,
          kennysheep_another_room, grunt_ministairs_15
D:7:      wad_river_or_something, layout_basic, minmay_temple_entry_offerings,
          minmay_misc_feat_alley
D:8:      layout_basic, minitemple, serial_shops, nicolae_inconvenience_store,
          uniq_prince_ribbit1, uniq_gastronok

Skill      XL: |  1  2  3  4  5  6  7  8  9 |
---------------+----------------------------+-----
Crossbows      | 5 6 7 9 10 | 10.0
Armour         | 1 3 4 |  4.8
Invocations    | 1 3 4 |  4.8
Fighting       | 4 6 |  6.9
Dodging        | 2 3 |  3.8
Stealth        | |  1.1

Action                   |  1- 3 |  4- 6 |  7- 9 || total
-------------------------+-------+-------+-------++-------
Melee: Hand crossbow     |       |     2 |       ||     2
 Fire: Hand crossbow     |   101 |   200 |   439 ||   740
Invok: Recite            |       |       |     2 ||     2
       Vitalisation      |       |       |     2 ||     2
  Use: Scroll            |     6 |     5 |     4 ||    15
       Potion            |       |       |     4 ||     4
Armor: Leather armour    |     9 |       |       ||     9
       Ring mail         |    13 |    53 |    22 ||    88
       Chain mail        |       |       |   170 ||   170
       Scale mail        |       |       |    53 ||    53
Dodge: Dodged            |    27 |    45 |   193 ||   265

Table legend: (Time is in decaauts)
 A = Elapsed time spent in this place.
 B = Non-inter-level travel time spent in this place.
 C = Inter-level travel time spent in this place.
 D = Time resting spent in this place.
 E = Time spent auto-exploring this place.
 F = Levels seen in this place.
 G = Mean time per level.
                   A        B        C        D        E       F      G
               +--------+--------+--------+--------+--------+-----+--------+
         Total |   6070 |   5706 |    364 |    575 |   3671 |   8 |  758.8 |
       Dungeon |   6070 |   5706 |    364 |    575 |   3671 |   8 |  758.8 |
               +--------+--------+--------+--------+--------+-----+--------+

Top non-repeatable levels by time:
     D:7: 1184 daAuts
     D:4: 953 daAuts
     D:5: 945 daAuts
     D:3: 864 daAuts
     D:1: 697 daAuts
     D:6: 697 daAuts
     D:2: 601 daAuts
     D:8: 125 daAuts
